 Dungeon Crawl Stone Soup version 0.28.0-43-g3370ac3207 (webtiles) character file.

Game seed: 17604594377209286237

5292 fknight the Spear-Bearer (level 10, -8/82 HPs)
             Began as a Gnoll Berserker on Mar 8, 2022.
             Was a Priest of Trog.
             Killed by vampiric draining
             ... invoked by a vampire
              (13 damage)
             ... on level 9 of the Dungeon.
             The game lasted 00:49:10 (11792 turns).

fknight the Spear-Bearer (Gnoll Berserker)         Turns: 11792, Time: 00:49:10

Health: -8/82      AC: 27    Str: 18    XL:     10   Next: 63%
Magic:  18/18      EV:  8    Int: 13    God:    Trog [***...]
Gold:   292        SH:  5    Dex: 14    Spells: 19/19 levels left

rFire   . . .      SeeInvis .   J - +2 bardiche (protect)
rCold   . . .      Faith    .   (shield currently unavailable)
rNeg    . . .      Spirit   .   G - +5 plate armour
rPois   .          Reflect  +   (no helmet)
rElec   .          Harm     .   M - +0 cloak
rCorr   .          Rampage  .   (no gloves)
Will    ++...                   q - +0 pair of boots
Stlth   ..........              t - amulet of reflection
HPRegen 1.23/turn               I - +6 ring of intelligence
MPRegen 0.16/turn               (no ring)

@: strong-willed, under a protective aura, on berserk cooldown, regenerating,
slowed, very slow
A: fangs 1, strong nose, distributed training
a: Renounce Religion, Berserk, Trog's Hand


You were on level 9 of the Dungeon.
You worshipped Trog.
Trog was most pleased with you.
You visited 1 branch of the dungeon, and saw 9 of its levels.
You also visited: Bailey.

You collected 680 gold pieces.
You spent 388 gold pieces at shops.

Inventory:

Hand Weapons
 a - a +1 spear of protection
 j - a +1 battleaxe
 l - a +3 scimitar
 n - a +4 halberd
 o - a +0 dagger of venom
 r - a +3 dagger of freezing
 x - a +2 short sword of speed
 y - the +11 hunting sling "Lifebane" {vorpal, rPois}
   (You found it on level 7 of the Dungeon)

   Any ammunition fired from it inflicts extra damage upon your enemies.
   rPois:     It protects you from poison.
 z - a +0 hand crossbow
 E - a +0 trident
 F - a +0 halberd
 H - a +0 glaive
 J - a +2 bardiche of protection (weapon)
 L - a +2 long sword
 N - a +2 morningstar
 Q - a +2 whip of distortion
 T - a +0 glaive of venom
 U - a +4 whip of draining
 V - a +3 dagger
 W - a +4 falchion
 X - a +1 falchion of freezing
Missiles
 c - 150 bolts
 g - 188 stones (quivered)
 s - 27 javelins
 v - 6 atropa-tipped darts
 A - 5 silver javelins
 B - 6 poisoned darts
 D - 5 boomerangs
Armour
 q - a +0 pair of boots (worn)
 G - a +5 plate armour (worn)
 K - a +1 leather armour of poison resistance
 M - a +0 cloak (worn)
Jewellery
 t - an amulet of reflection (around neck)
 C - an amulet of regeneration
 I - a +6 ring of intelligence (left hand)
Wands
 d - a wand of polymorph (10)
 f - a wand of digging (2)
 O - a wand of acid (6)
Scrolls
 b - a scroll of blinking
 e - 3 scrolls of teleportation
 w - 4 scrolls of fog
 P - a scroll of magic mapping
 S - a scroll of amnesia {unknown}
Potions
 h - 2 potions of flight
 i - 8 potions of curing
 k - 4 potions of magic
 m - 3 potions of heal wounds
 p - a potion of lignification {unknown}
 u - 2 potions of ambrosia
 R - 3 potions of brilliance


   Skills:
 + Level 8.6 Fighting
 + Level 5.4 Short Blades
 + Level 5.4 Long Blades
 + Level 5.4 Axes
 + Level 5.4 Maces & Flails
 + Level 8.6 Polearms
 + Level 5.4 Staves
 + Level 5.4 Slings
 + Level 5.4 Bows
 + Level 5.4 Crossbows
 + Level 5.4 Throwing
 + Level 7.2 Armour
 + Level 7.2 Dodging
 + Level 5.4 Stealth
 + Level 5.4 Shields
 + Level 5.4 Unarmed Combat
 + Level 5.4 Spellcasting
 + Level 4.5 Conjurations
 + Level 4.5 Hexes
 + Level 4.5 Summonings
 + Level 4.5 Necromancy
 + Level 4.5 Translocations
 + Level 4.5 Transmutations
 + Level 4.5 Fire Magic
 + Level 4.5 Ice Magic
 + Level 4.5 Air Magic
 + Level 4.5 Earth Magic
 + Level 4.5 Poison Magic
 + Level 6.0 Invocations
 + Level 5.4 Evocations


You had 19 spell levels left.
You didn't know any spells.
Your spell library was empty.

Dungeon Overview and Level Annotations

Branches:
Dungeon (9/15)             Temple (0/1) D:5          Bailey (visited)
   Lair: D:8-11         Orc: D:9-12

Altars:
Gozag
Makhleb

Shops:
D:6 =   D:7 ?   D:8 (=!


Innate Abilities, Weirdness & Mutations

You have very sharp teeth.
Your uncanny sense of smell can sniff out nearby items.
Your experience applies equally to all skills.


Message History

You hear some strange, mumbled words.
Something tries to affect you, but you resist.
Something draws life force from you.
You hit something. You miss something. Something draws life force from you!
You completely miss something. Something draws life force from you!!
* * * LOW HITPOINT WARNING * * *
You bump into the rock wall.
Something hits you but does no damage. Something bites you but does no damage.
You bump into the rock wall.
You feel a strong urge to attack something.
You feel less confused.
You barely miss something. Your bite misses something.
You are no longer berserk.
You are exhausted.
You feel yourself slow down. Something hits you.
* * * LOW HITPOINT WARNING * * *
Something bites you.
* * * LOW HITPOINT WARNING * * *
Something draws strength from your injuries!
Something hits you but does no damage. Something bites you but does no damage.
Your skin crawls.
You feel strong-willed. Something hits you but does no damage.
Something bites you.
* * * LOW HITPOINT WARNING * * *
Something draws strength from your injuries!
Unknown command.
You slash something!
Your weapon exudes an aura of protection.
Something hits you.
* * * LOW HITPOINT WARNING * * *
Something bites you.
* * * LOW HITPOINT WARNING * * *
Something draws strength from your injuries!
Something hits you but does no damage. Something bites you.
* * * LOW HITPOINT WARNING * * *
Something draws strength from your injuries!
You slash something! Your bite misses something.
Something draws life force from you!
You die...

#.†# ####.#.#...
#..# #......#...
#..# #...g..#...
#..######......#...
#..).....###.#.....
##.##....###.######
#.##.......)....#
#{#########.###.#
#@# #.# . #.# #.#
## #.# #.# . #.#
#.# #.# #.# #.# #.#
#.# #.# ..


There were no monsters in sight!

Vanquished Creatures
  Prince Ribbit (D:6)
  Grinder (D:6)
  Menkaure (D:6)
  A water moccasin (D:7)
  Duvessa (D:5)
  11 orc warriors
  A hornet zombie (D:5)
  A black bear (D:4)
  2 ogres
  A necrophage (D:6)
  11 centaurs
  A phantom (D:4)
  Blork the orc (D:4)
  2 scorpions (D:6)
  A wyvern zombie (D:6)
  A gnoll sergeant (D:9)
  2 water moccasin zombies
  Dowan (D:5)
  6 killer bees
  11 wights
  3 howler monkeys (D:7)
  A centaur zombie (D:8)
  A gnoll shaman (D:8)
  An orc priest (D:8)
  A centaur skeleton (D:4)
  4 hounds
  4 iguanas
  5 orc wizards
  4 hound skeletons
  A howler monkey zombie (D:9)
  9 adders
  6 gnolls
  2 white imps (D:6)
  An ufetubus (D:6)
  2 worms
  A dart slug (D:4)
  34 orcs
  4 ball pythons
  3 bats
  4 endoplasms
  A giant cockroach (D:4)
  5 goblins
  5 hobgoblins
  4 jackals (D:3)
  4 quokkas
  3 frilled lizards
  6 kobolds
  9 rats
186 creatures vanquished.

Vanquished Creatures (collateral kills)
  A water moccasin skeleton (D:5)
  An adder (D:5)
2 creatures vanquished.

Grand Total: 188 creatures vanquished

Notes
Turn   | Place    | Note
-------+----------+-------------------------------------------
     0 | D:1      | fknight the Gnoll Berserker began the quest for the Orb.
     0 | D:1      | Reached XP level 1. HP: 23/23 MP: 1/1
   445 | D:1      | Reached XP level 2. HP: 29/29 MP: 2/2
  1292 | D:2      | Reached XP level 3. HP: 35/35 MP: 2/4
  1365 | D:2      | Reached skill level 1 in Invocations
  1393 | D:2      | Reached skill level 1 in Short Blades
  1393 | D:2      | Reached skill level 1 in Long Blades
  1393 | D:2      | Reached skill level 1 in Axes
  1393 | D:2      | Reached skill level 1 in Maces & Flails
  1393 | D:2      | Reached skill level 1 in Staves
  1393 | D:2      | Reached skill level 1 in Slings
  1393 | D:2      | Reached skill level 1 in Bows
  1393 | D:2      | Reached skill level 1 in Crossbows
  1393 | D:2      | Reached skill level 1 in Throwing
  1393 | D:2      | Reached skill level 1 in Stealth
  1393 | D:2      | Reached skill level 1 in Shields
  1393 | D:2      | Reached skill level 1 in Unarmed Combat
  1393 | D:2      | Reached skill level 1 in Spellcasting
  1393 | D:2      | Reached skill level 1 in Evocations
  1414 | D:2      | Reached XP level 4. HP: 41/41 MP: 5/5
  1776 | D:3      | Reached skill level 1 in Conjurations
  1776 | D:3      | Reached skill level 1 in Hexes
  1776 | D:3      | Reached skill level 1 in Summonings
  1776 | D:3      | Reached skill level 1 in Necromancy
  1776 | D:3      | Reached skill level 1 in Translocations
  1776 | D:3      | Reached skill level 1 in Transmutations
  1776 | D:3      | Reached skill level 1 in Fire Magic
  1776 | D:3      | Reached skill level 1 in Ice Magic
  1776 | D:3      | Reached skill level 1 in Air Magic
  1776 | D:3      | Reached skill level 1 in Earth Magic
  1776 | D:3      | Reached skill level 1 in Poison Magic
  1815 | D:3      | Found a burning altar of Makhleb.
  1908 | D:3      | Found an opulent altar of Gozag.
  2499 | D:4      | Reached XP level 5. HP: 41/47 MP: 5/7
  2702 | D:4      | Reached ** piety under Trog
  2703 | D:4      | Noticed Blork the orc
  2704 | D:4      | Noticed a phantom
  2726 | D:4      | Killed a phantom
  2731 | D:4      | Killed Blork the orc
  2732 | D:4      | Reached XP level 6. HP: 24/53 MP: 8/8
  2986 | D:4      | Reached skill level 5 in Armour
  2986 | D:4      | Reached skill level 5 in Dodging
  3664 | D:4      | Noticed a black bear
  3671 | D:4      | Killed a black bear
  4158 | D:5      | Entered Level 5 of the Dungeon
  4165 | D:5      | Reached XP level 7. HP: 60/60 MP: 10/10
  4333 | D:5      | Found a staircase to the Ecumenical Temple.
  4734 | D:5      | Noticed Duvessa
  4736 | D:5      | Noticed Dowan
  4749 | D:5      | Killed Duvessa
  4752 | D:5      | Killed Dowan
  4753 | D:5      | Reached XP level 8. HP: 67/67 MP: 12/12
  5344 | D:6      | Noticed Menkaure
  5354 | D:6      | Killed Menkaure
  5792 | D:6      | Noticed Grinder
  5797 | D:6      | Killed Grinder
  5939 | D:6      | Noticed Prince Ribbit
  5946 | D:6      | Reached XP level 9. HP: 72/72 MP: 14/14
  6135 | D:6      | Found Mouhakk's Jewellery Boutique.
  6362 | D:6      | Killed Prince Ribbit
  6600 | D:7      | Found Zifylaq's Magic Scroll Boutique.
  6751 | D:7      | Found a flagged portal.
  6760 | Bailey   | Entered a bailey
  7045 | Bailey   | Reached *** piety under Trog
  7480 | Bailey   | Reached skill level 5 in Invocations
  7821 | Bailey   | Reached XP level 10. HP: 80/80 MP: 17/17
  8176 | Bailey   | Reached skill level 5 in Short Blades
  8176 | Bailey   | Reached skill level 5 in Long Blades
  8176 | Bailey   | Reached skill level 5 in Axes
  8176 | Bailey   | Reached skill level 5 in Maces & Flails
  8176 | Bailey   | Reached skill level 5 in Staves
  8176 | Bailey   | Reached skill level 5 in Slings
  8176 | Bailey   | Reached skill level 5 in Bows
  8176 | Bailey   | Reached skill level 5 in Crossbows
  8176 | Bailey   | Reached skill level 5 in Throwing
  8176 | Bailey   | Reached skill level 5 in Stealth
  8176 | Bailey   | Reached skill level 5 in Shields
  8176 | Bailey   | Reached skill level 5 in Unarmed Combat
  8176 | Bailey   | Reached skill level 5 in Spellcasting
  8176 | Bailey   | Reached skill level 5 in Evocations
  9311 | D:7      | Identified the +11 hunting sling "Lifebane" {vorpal, rPois}
  9421 | D:7      | Bought a scroll of enchant armour for 105 gold pieces
  9421 | D:7      | Bought a scroll of identify for 28 gold pieces
  9421 | D:7      | Bought a scroll of identify for 28 gold pieces
  9421 | D:7      | Bought a scroll of magic mapping for 49 gold pieces
  9421 | D:7      | Bought a scroll of identify for 28 gold pieces
 10470 | D:8      | Found Oggiot's Jewellery Emporium.
 10821 | D:8      | Found Deiqesmo's Weapon Boutique.
 11294 | D:8      | Found Nekopp's Distillery.
 11297 | D:8      | Bought a potion of curing for 45 gold pieces
 11297 | D:8      | Bought a potion of brilliance for 60 gold pieces
 11297 | D:8      | Bought a potion of curing for 45 gold pieces
 11759 | D:9      | Identified the +1 robe of Charity {rPois rF+ Str+4 Dex-2}
 11791 | D:9      | HP: 3/82 [something (5)]
 11792 | D:9      | Killed from afar by a vampire

Illustrated notes

Levels and vault maps discovered:
D:1:      psy_arrival_conway, layout_basic
D:2:      layout_rooms
D:3:      layout_loops_ring, lemuel_coloured_pillars_altar, grunt_gozag_statues,
          minmay_misc_feat_diagonals, hex_medium
D:4:      layout_basic, hangedman_decor_opposing, uniq_blork_the_orc
D:5:      layout_gridville, minmay_temple_entry_statues_pillars, uniq_duvessa
D:6:      layout_gridville, serial_shops, nicolae_shop_window_shopping,
          uniq_menkaure, uniq_prince_ribbit1, uniq_grinder
D:7:      layout_layer_cave, serial_shops, nicolae_shop_hallway_stairs,
          enter_bailey_8
D:8:      layout_basic, serial_shops, nicolae_shop_bloodbath_and_beyond,
          kennysheep_mini_moat, kennysheep_mini
D:9:      layout_basic, uniq_maurice

Skill      XL: |  1  2  3  4  5  6  7  8  9 10 |
---------------+-------------------------------+-----
Invocations    | 1 2 3 4 5 6 |  6.0
Short Blades   | 1 2 3 4 5 |  5.4
Long Blades    | 1 2 3 4 5 |  5.4
Axes           | 1 2 3 4 5 |  5.4
Maces & Flails | 1 2 3 4 5 |  5.4
Staves         | 1 2 3 4 5 |  5.4
Slings         | 1 2 3 4 5 |  5.4
Bows           | 1 2 3 4 5 |  5.4
Crossbows      | 1 2 3 4 5 |  5.4
Throwing       | 1 2 3 4 5 |  5.4
Stealth        | 1 2 3 4 5 |  5.4
Shields        | 1 2 3 4 5 |  5.4
Unarmed Combat | 1 2 3 4 5 |  5.4
Spellcasting   | 1 2 3 4 5 |  5.4
Evocations     | 1 2 3 4 5 |  5.4
Conjurations   | 1 2 3 4 |  4.5
Hexes          | 1 2 3 4 |  4.5
Summonings     | 1 2 3 4 |  4.5
Necromancy     | 1 2 3 4 |  4.5
Translocations | 1 2 3 4 |  4.5
Transmutations | 1 2 3 4 |  4.5
Fire Magic     | 1 2 3 4 |  4.5
Ice Magic      | 1 2 3 4 |  4.5
Air Magic      | 1 2 3 4 |  4.5
Earth Magic    | 1 2 3 4 |  4.5
Poison Magic   | 1 2 3 4 |  4.5
Armour         | 5 6 7 |  7.2
Dodging        | 5 6 7 |  7.2
Fighting       | 7 8 |  8.6
Polearms       | 7 8 |  8.6

Action                   |  1- 3 |  4- 6 |  7- 9 | 10-12 || total
-------------------------+-------+-------+-------+-------++-------
Melee: Spear             |    98 |   148 |   575 |   126 ||   947
       Bite              |     7 |    16 |    38 |     8 ||    69
       Punch             |       |     1 |    14 |     1 ||    16
       Bardiche          |       |       |       |    88 ||    88
 Fire: Hunting sling     |       |       |       |    65 ||    65
Throw: Stone             |     4 |     3 |    25 |    19 ||    51
       Javelin           |       |       |     6 |       ||     6
Invok: Berserk           |       |     3 |    11 |     4 ||    18
       Trog's Hand       |       |       |     1 |     1 ||     2
  Use: Scroll            |       |       |    10 |    13 ||    23
 Stab: Sleeping          |     1 |       |       |       ||     1
       Distracted        |       |     1 |       |       ||     1
Armor: Animal skin       |     2 |       |       |       ||     2
       Ring mail         |    13 |    15 |       |       ||    28
       Scale mail        |       |    11 |    91 |       ||   102
       Chain mail        |       |       |   129 |       ||   129
       Plate armour      |       |       |     5 |   129 ||   134
Dodge: Dodged            |    29 |    43 |   244 |    82 ||   398
Block: Other             |       |     9 |    56 |    25 ||    90
